 Dungeon Crawl Stone Soup version 0.30.0-5-g1a98f26d00 (webtiles) character file.

Game seed: 1076101644227680223

4882 CaptainMV the Tainter (level 10, -4/80 HPs)
             Began as a Red Draconian Venom Mage on May 12, 2023.
             Slain by a torpor snail (15 damage)
             ... on level 1 of the Lair of Beasts.
             The game lasted 00:48:24 (4374 turns).

CaptainMV the Tainter (Red Draconian Venom Mage)    Turns: 4374, Time: 00:48:24

Health: -4/80      AC:  8    Str: 12    XL:     10   Next: 26%
Magic:  8/20       EV: 18    Int: 18    God:
Gold:   148        SH:  0    Dex: 12    Spells: 15/23 levels left

rFire   + + +        a - +4 scythe
rCold   . . .        (shield currently unavailable)
rNeg    . . .        (body armour unavailable)
rPois   +            (helmet restricted)
rElec   .            y - +0 cloak
rCorr   .            (no gloves)
SInv    .            (no boots)
Will    .....        m - amulet of magic regeneration
Stlth   ++           i - +5 ring of evasion
HPRegen 0.33/turn    o - ring "Pioceploo" {rPois rF++ Slay+2}
MPRegen 0.57/turn

%: no passive effects
@: short of breath, slowed, very slow
A: breathe fire, AC +7, unfitting armour, fire resistance 1, cold-blooded
a: Breathe Fire


You were on level 1 of the Lair of Beasts.
You visited 2 branches of the dungeon, and saw 10 of its levels.
You also visited: Sewer.

You collected 287 gold pieces.
You spent 139 gold pieces at shops.

Inventory:

Hand Weapons
 a - a +4 scythe (weapon)
Missiles
 j - 2 boomerangs (quivered)
Armour
 f - an orb of wrath
 y - a +0 cloak (worn)
Magical Staves
 b - a staff of earth
Jewellery
 i - a +5 ring of evasion (left hand)
 m - an amulet of magic regeneration (around neck)
 o - the ring "Pioceploo" (right hand) {rPois rF++ Slay+2}
   (You acquired it on level 3 of the Dungeon)

   [ring of poison resistance]

   Slay:      It affects your accuracy & damage with ranged weapons and melee
   (+2).
   rF:        It greatly protects you from fire.
   rPois:     It protects you from poison.
Wands
 q - a wand of iceblast (13)
 x - a wand of paralysis (11)
Scrolls
 p - 3 scrolls of teleportation
 v - a scroll of blinking
Potions
 c - 2 potions of magic
 d - a potion of berserk rage {unknown}
 e - 2 potions of lignification
 g - 2 potions of resistance
 h - 2 potions of curing
 k - a potion of brilliance {unknown}
 l - 2 potions of cancellation
 n - a potion of flight {unknown}
 r - 2 potions of mutation {unknown}
 s - a potion of attraction {unknown}
 t - a potion of invisibility {unknown}
 u - a potion of haste {unknown}
 w - 2 potions of heal wounds {unknown}


   Skills:
 + Level 4.4 Fighting
 + Level 2.1 Short Blades
 + Level 6.8 Polearms
 + Level 5.1 Dodging
 + Level 2.4 Stealth
 + Level 7.2 Spellcasting
 + Level 2.7 Transmutations
 + Level 1.8 Air Magic
 + Level 8.2 Poison Magic


You had 15 spell levels left.
You knew the following spells:

 Your Spells              Type           Power      Damage    Failure   Level
a - Poisonous Vapours     Pois/Air       48%        N/A       1%          2
b - Olgreb's Toxic Radia  Pois           36%        N/A       3%          4
c - Wereblood             Tmut           16%        N/A       5%          2

Your spell library contained the following spells:

 Spells                   Type           Power      Damage    Failure   Level
 Sting                    Tmut/Pois      100%       1d8       1%          1
 Beastly Appendage        Tmut           32%        N/A       3%          1
 Spider Form              Tmut/Pois      26%        N/A       3%          3
 Mephitic Cloud           Conj/Pois/Air  18%        N/A       9%          3
 Blade Hands              Tmut           8%         N/A       67%         5
 Animate Dead             Necr           6%         N/A       71%         4
 Irradiate                Conj/Tmut      5%         3d13      86%         5
 Borgnjor's Vile Clutch   Necr/Erth      3%         N/A       96%         5
 Summon Forest            Summ/Tloc      3%         N/A       96%         5
 Summon Mana Viper        Hex/Summ       6%         N/A       96%         5
 Death Channel            Necr           3%         N/A       100%        6
 Summon Cactus Giant      Summ           3%         N/A       100%        6
 Dragon Form              Tmut           8%         N/A       100%        7


Dungeon Overview and Level Annotations

Branches:
Dungeon (9/15)             Temple (0/1) D:4            Lair (1/5) D:9
  Sewer (visited)
    Orc: D:9-12

Altars:
Dithmenos
Hepliaklqana
Qazlal

Shops:
D:8 [

Annotations:
D:6 3 runed translucent doors, CaptainMV's ghost, novice DrRe; aduken's ghost, novice GnFE


Innate Abilities, Weirdness & Mutations

You can breathe blasts of fire.
Your fiery red scales are hard. (AC +7)
You cannot fit into any form of body armour.
Your flesh is heat resistant. (rF+)
You are cold-blooded and may be slowed by cold attacks.


Message History

Confirm with . or Enter, or press ? or * to list all spells.
Your toxic radiance grows in intensity.
The yak bellows!
The yak is poisoned.
The yak looks even sicker.
The torpor snail looks as sick as possible!
The yak looks as sick as possible!
The yak misses you.
Your magical contamination has completely faded away.
Casting: Olgreb's Toxic Radiance (dangerous; 3% risk of failure)
Confirm with . or Enter, or press ? or * to list all spells.
Your toxic radiance grows in intensity.
The torpor snail looks as sick as possible!
The yak looks as sick as possible!
The torpor snail looks as sick as possible!
The yak looks even sicker.
The yak barely misses you.
You feel better.
The yak looks as sick as possible! x2
You kill the yak!
The torpor snail barely misses you.
Aiming: Breathe Fire (3% risk of failure)
Press: ? - help, Shift-Dir - straight line, f - yak
Aim: a yak (heavily wounded, extremely poisoned, 81% to hit)
You breathe a blast of fire.
The fiery breath hits the torpor snail!
The torpor snail is severely wounded.
The fiery breath hits the yak!
The yak is severely wounded.
The torpor snail looks as sick as possible!
The yak looks as sick as possible!
The torpor snail barely misses you.
You hit the torpor snail but do no damage.
The torpor snail is almost dead.
Your toxic aura wanes.
The yak gores you!
* * * LOW HITPOINT WARNING * * *
The torpor snail barely misses you. The yak barely misses you.
You hit the yak but do no damage. You tail-slap the yak.
The yak is almost dead.
The yak completely misses you. The torpor snail barely misses you.
You closely miss the yak.
The yak is almost dead.
You kill the yak!
The torpor snail bites you!
You die...

........#.. #.#... ..
...≈≈≈≈.#.####..... ...
##.§##≈............
###~##..≈§#≈§..##.......
~~~~~†..≈≈§≈..# #...#...
........§.§.####...P..<
#...................#.
##..#....?†............
#....†@..............#.
#....w.................
#......................
###.#................#.
....##....###.#.#P.#.#
.○...#.....# #....>....
......#.....# ....######
......#...... .#


You could see a torpor snail (very poisoned).

Vanquished Creatures
  A boulder beetle (Lair:1)
  Pikel (D:6)
  A cane toad (Lair:1)
  2 hornets (D:8)
  2 yaks (Lair:1)
  Sigmund (D:2)
  2 steam dragons
  Menkaure (D:6)
  Duvessa (D:6)
  2 water moccasins
  3 orc warriors
  3 ice beasts
  2 black bears (D:7)
  An ogre (D:4)
  A centaur (D:8)
  A kobold brigand (Sewer)
  Blork the orc (D:6)
  3 bullfrogs
  Dowan (D:6)
  3 howler monkeys
  3 hounds
  2 orc priests
  3 jellies
  A sleepcap (D:6)
  Natasha (D:4)
  2 iguanas (D:5)
  10 orc wizards
  4 gnolls
  5 adders
  4 river rats
  A shadow imp (D:6)
  A white imp (D:6)
  6 worms
  2 dart slugs
  30 orcs
  5 endoplasms
  7 giant cockroaches
  3 goblins
  9 hobgoblins
  14 kobolds
  2 quokkas
  9 ball pythons
  4 bats
  5 frilled lizards
  7 rats
173 creatures vanquished.

Notes
Turn   | Place    | Note
-------+----------+-------------------------------------------
     0 | D:1      | CaptainMV the Draconian Venom Mage began the quest for the
                  | Orb.
     0 | D:1      | Reached XP level 1. HP: 14/14 MP: 3/3
   199 | D:1      | Reached XP level 2. HP: 20/20 MP: 0/5
   842 | D:2      | Reached XP level 3. HP: 24/26 MP: 4/6
   918 | D:2      | Learned a level 2 spell: Poisonous Vapours
   950 | D:2      | Noticed Sigmund
   966 | D:2      | Killed Sigmund
   967 | D:2      | Reached skill level 4 in Poison Magic
   967 | D:2      | Reached XP level 4. HP: 20/34 MP: 2/8
   967 | D:2      | Reached XP level 5. HP: 23/39 MP: 2/9
  1580 | D:3      | Found a faded altar of an unknown god.
  1881 | D:3      | Identified a scroll of acquirement
  1881 | D:3      | Acquired the ring "Pioceploo" {rPois rF++ Slay+2}
  2026 | D:4      | Noticed a shadow
  2028 | D:4      | Found a shadowy altar of Dithmenos.
  2031 | D:4      | Found a hazy altar of Hepliaklqana.
  2052 | D:4      | Found a staircase to the Ecumenical Temple.
  2181 | D:4      | Learned a level 4 spell: Olgreb's Toxic Radiance
  2184 | D:4      | Learned a level 2 spell: Wereblood
  2208 | D:4      | Reached skill level 1 in Polearms
  2243 | D:4      | Noticed an ogre
  2253 | D:4      | Killed an ogre
  2254 | D:4      | Reached skill level 1 in Fighting
  2254 | D:4      | Reached XP level 6. HP: 31/47 MP: 4/11
  2363 | D:4      | Noticed Natasha
  2372 | D:4      | Killed Natasha
  2440 | D:5      | Entered Level 5 of the Dungeon
  2445 | D:5      | Found a stormy altar of Qazlal.
  2874 | D:5      | Your scales start taking on a fiery red colour.
  2874 | D:5      | Reached XP level 7. HP: 52/52 MP: 2/12
  2874 | D:5      | Gained mutation: Your flesh is heat resistant. (rF+) [Red
                  | Draconian growth]
  3023 | D:6      | Found a glowing drain.
  3068 | Sewer    | Entered a sewer
  3390 | D:6      | Noticed Dowan
  3393 | D:6      | Noticed Duvessa
  3398 | D:6      | Killed Dowan
  3402 | D:6      | Killed Duvessa
  3403 | D:6      | Reached XP level 8. HP: 49/62 MP: 3/13
  3403 | D:6      | Noticed Blork the orc
  3412 | D:6      | Killed Blork the orc
  3413 | D:6      | Reached skill level 5 in Polearms
  3440 | D:6      | Reached skill level 1 in Air Magic
  3455 | D:6      | Noticed Pikel
  3472 | D:6      | HP: 1/62 [Pikel/bolt of acid (22)]
  3474 | D:6      | Killed Pikel
  3475 | D:6      | Reached skill level 5 in Poison Magic
  3632 | D:6      | Found a runed translucent gate.
  3632 | D:6      | Found a runed translucent gate.
  3632 | D:6      | Found a runed translucent gate.
  3633 | D:6      | Noticed CaptainMV's ghost (novice DrRe)
  3634 | D:6      | Noticed aduken's ghost (novice GnFE)
  3754 | D:6      | Reached skill level 6 in Poison Magic
  3768 | D:6      | Noticed Menkaure
  3781 | D:6      | Reached XP level 9. HP: 39/70 MP: 8/16
  3786 | D:6      | Killed Menkaure
  3787 | D:6      | Reached skill level 5 in Spellcasting
  4150 | D:8      | Reached skill level 7 in Poison Magic
  4202 | D:8      | Found Vuuw's Antique Armour Boutique.
  4205 | D:8      | Bought a cloak for 139 gold pieces
  4238 | D:8      | Reached skill level 5 in Dodging
  4328 | D:9      | Found a staircase to the Lair.
  4336 | Lair:1   | Entered Level 1 of the Lair of Beasts
  4348 | Lair:1   | Noticed a cane toad
  4348 | Lair:1   | Noticed a boulder beetle
  4356 | Lair:1   | Killed a boulder beetle
  4357 | Lair:1   | Reached skill level 8 in Poison Magic
  4357 | Lair:1   | Reached XP level 10. HP: 11/79 MP: 14/20
  4357 | Lair:1   | Killed a cane toad
  4363 | Lair:1   | Noticed a torpor snail
  4374 | Lair:1   | Slain by a torpor snail

Illustrated notes

Levels and vault maps discovered:
D:1:      ncdulo_smallfort, layout_loops_corners, serial_bayou_pond_e
D:2:      layout_rooms, chequers_serial_rivers_micro_e, uniq_sigmund
D:3:      layout_loops_corners, shapermc_ecumenical_altar_notcrosses,
          grunt_decor_mini_mirrors
D:4:      layout_layer_cave, riverfiend_overflow_shadow_ancestor,
          minmay_temple_entry_mini_moons, chequers_serial_rivers_micro_d,
          uniq_natasha
D:5:      layout_loops_cross, mainiacjoe_overflow_six_doors_small,
          cheibrodos_gnoll_hut
D:6:      layout_rooms, cheibrodos_sewer_entry_sluice, gammafunk_ghost_cemetery,
          hangedman_glass_teeth, uniq_menkaure, uniq_pikel, uniq_duvessa,
          uniq_blork_the_orc
D:7:      layout_cave_pools
D:8:      cheibrodos_shockbox, layout_cave_pools, serial_shops,
          nicolae_shop_window_shopping
D:9:      layout_rooms, kennysheep_little_box, lair_entry_dummy,
          hangedman_minor_magic
Lair:1:   layout_gridlike, grunt_megastairs_1, uniq_maggie

Skill      XL: |  1  2  3  4  5  6  7  8  9 10 |
---------------+-------------------------------+-----
Dodging        | 2 3 4 5 |  5.1
Short Blades   | 2 |  2.1
Spellcasting   | 3 4 6 7 |  7.2
Poison Magic   | 4 6 8 |  8.2
Polearms       | 1 3 4 5 6 |  6.8
Fighting       | 1 2 3 4 |  4.4
Stealth        | 2 |  2.4
Transmutations | 2 |  2.7
Air Magic      | 1 |  1.8

Action                     |  1- 3 |  4- 6 |  7- 9 | 10-12 || total
---------------------------+-------+-------+-------+-------++-------
  Melee: Unarmed           |    29 |       |       |       ||    29
         Tailslap          |    11 |    11 |    27 |     1 ||    50
         Dagger            |    61 |       |       |       ||    61
         Halberd           |       |   104 |   215 |     5 ||   324
   Cast: Sting             |    34 |       |       |       ||    34
         Poisonous Vapours |     3 |    12 |     8 |       ||    23
         Wereblood         |       |     3 |     9 |       ||    12
         Olgreb's Toxic Ra |       |     3 |    40 |     4 ||    47
Ability: Breathe Fire      |       |       |       |     1 ||     1
    Use: Scroll            |     6 |     5 |     4 |       ||    15
         Potion            |     1 |       |     4 |     1 ||     6
   Stab: Sleeping          |       |     3 |     1 |       ||     4
 Armour: Skin              |    32 |    15 |    44 |       ||    91
  Dodge: Dodged            |    61 |   100 |   234 |     8 ||   403
